AoeStats
← Abetterhandle

Yucatan

503089046Analyzed
3v3 RM · 1mo ago on Aug 30, 2026· 24m 34s· 6 players
Game mode
Random Map
Map size
Normal (6 player)
Population
200
Speed
Normal
Resources
Standard
Victory
Conquest
Starting age
Dark Age
Ending age
Imperial Age
RankedLock teamsTeams togetherTeam positionsShared explorationLock speedFull tech treeHidden civsTurbo modeCheats
Victory
Defeat
🇳🇿 Bulgarians · New Zealand
928
+16
🇫🇷 Romans · France
885
+18
🇮🇳 Ethiopians · India
874
+19
🇨🇳 Shu · China
937
-18
🇨🇳 Huns · China
937
-18
🇨🇳 Spanish · China
932
-18
Thiccwamen
3:32 Loom
10:48 Feudal Age
12:02 Gold Mining
11:58 Double-Bit Axe
16:01 Castle Age
17:04 Padded Archer Armor
16:54 Fletching
17:18 Crossbowman
21:49 Thumb Ring
23:29 Ballistics
24:19 Wheelbarrow
Abetterhandle
2:15 Loom
11:08 Feudal Age
14:46 Forging
19:43 Castle Age
18:51 Scale Mail Armor
18:42 Fletching
18:51 Stone Mining
18:54 Gold Mining
20:58 Bloodlines
20:50 Husbandry
22:11 Double-Bit Axe
[CH-FR]Frog
12:00 Feudal Age
14:11 Wheelbarrow
13:28 Man-at-Arms
18:39 Scale Mail Armor
19:51 Forging
20:51 Padded Archer Armor
20:39 Horse Collar
23:31 Fletching
27:10 Castle Age
葵
11:26 Feudal Age
14:11 Double-Bit Axe
18:02 Castle Age
ngc2237
12:34 Feudal Age
17:02 Castle Age
15:28 Double-Bit Axe
15:30 Horse Collar
16:03 Loom
lioncel20
13:11 Feudal Age
12:00 Loom
13:50 Feudal Age
21:31 Castle Age
Connection lost

Rejoining the realm…

Still unreachable

The connection could not be restored.

Session expired

The server has moved on; the page needs a fresh start.